 Dungeon Crawl Stone Soup version 0.17-a0-1678-g710b578 (webtiles) character file.

1026 Leibowitz the Ducker (level 8, 0/48 HPs)
             Began as a Kobold Gladiator on Aug 19, 2015.
             Was a Follower of Trog.
             Slain by an elf zombie (6 damage)
             ... in an ossuary.
             The game lasted 00:24:16 (5752 turns).

Leibowitz the Ducker (Kobold Gladiator)             Turns: 5752, Time: 00:24:16

Health: 0/48       AC:  8    Str: 13    XL:     8   Next: 47%
Magic:  8/8        EV: 27    Int:  6    God:    Trog [*.....]
Gold:   421        SH:  0    Dex: 24    Spells: 0 memorised, 7 levels left

rFire  . . .     SeeInvis .     a - +1 rapier
rCold  . . .     Clarity  .     q - +3 leather armour "Xaewam" {rN+}
rNeg   + . .     SustAt   .     (shield restricted)
rPois  .         Gourm    +     g - +1 helmet
rElec  .         Spirit   .     (no cloak)
rCorr  .         Warding  .     (no gloves)
rMut   .         Stasis   .     (no boots)
MR     .....                    u - amulet of the gourmand
Stlth  +++++.....               (no ring)
                                (no ring)

@: agile, very slightly contaminated, not resistant to hostile enchantments,
quite stealthy
A: carnivore 3
a: Burn Spellbooks, Berserk, Renounce Religion


You were in an ossuary.
You worshipped Trog.
Trog was aware of your devotion.
You were very full.

You visited 1 branch of the dungeon, and saw 6 of its levels.
You also visited: Ossuary.

You collected 421 gold pieces.

Inventory:

Hand weapons
 a - a +1 rapier (weapon)
Missiles
 d - 4 throwing nets (quivered)
 l - 6 curare-tipped needles
 s - 6 needles of sleeping
 z - 15 poisoned needles
Armour
 g - a +1 helmet (worn)
 m - a +1 leather armour of magic resistance
 q - the +3 leather armour "Xaewam" (worn) {rN+}
   (You found it on level 5 of the Dungeon)

   It protects you from negative energy.
 y - a +0 leather armour of cold resistance
Jewellery
 h - an uncursed amulet of stasis
 k - an uncursed ring of teleportation
 u - an amulet of the gourmand (around neck)
Magical devices
 x - a wand of cold (7)
Scrolls
 c - 2 scrolls of remove curse
 i - 5 scrolls of identify
 n - 3 scrolls of enchant weapon
 o - a scroll of enchant armour
 p - a scroll of blinking
Potions
 f - 2 potions of lignification
 t - a potion of flight
Books
 v - Lehudib's Guide on Attacks
   (You found it on level 5 of the Dungeon)

   Spells                             Type                      Level
   a - Throw Frost                    Conjuration/Ice              2
   b - Fireball                       Conjuration/Fire             5
   c - Orb of Destruction             Conjuration                  7
   Trog disapproves of the use of such an item.
Comestibles
 b - 4 slices of pizza
 e - a meat ration


   Skills:
 * Level 4.1 Fighting
 * Level 7.4 Short Blades
 - Level 2.6 Throwing
 + Level 1.9 Armour
 * Level 7.6 Dodging
 * Level 5.0 Stealth


You had 7 spell levels left.
You didn't know any spells.

Dungeon Overview and Level Annotations

Branches:
Dungeon (6/15)
 Temple: D:4-7

Altars:
Elyvilon
Gozag
Trog
Zin
The Shining One

Shops:
D:3 *


Innate Abilities, Weirdness & Mutations

You are small and have problems with some larger weapons.
You are carnivorous and can eat meat at any time.


Message History

You hit the human zombie.
You destroy the human zombie!
Your Stealth skill increases to level 5!
You closely miss the elf zombie.
The elf zombie hits you but does no damage.
You puncture the elf zombie!
The elf zombie hits you but does no damage.
You hit the elf zombie. You hit the elf zombie.
The elf zombie hits you but does no damage.
You closely miss the elf zombie. The elf zombie completely misses you.
You puncture the elf zombie! You closely miss the elf zombie.
The elf zombie closely misses you.
You hit the elf zombie. The elf zombie closely misses you.
You hit the elf zombie. You barely miss the elf zombie.
The elf zombie closely misses you.
You closely miss the elf zombie. The elf zombie completely misses you.
You hit the elf zombie. You puncture the elf zombie! The elf zombie hits you.
You die...

#+# ###.###
##.....##
#.......#
##...∩...##
+...@Z∩...+
##...∩...##
#.......#
##.....##
###.### #'#
#.# ...


You could see an elf zombie.

Vanquished Creatures
  The ghost of Thronen the Cudgeler, an average OgGl (Ossuary)
  2 ogres
  2 centaur zombies (Ossuary)
  A crimson imp (D:6)
  2 orc wizards
  2 iguanas
  A human zombie (Ossuary)
  A jelly (D:5)
  4 hounds
  A hound skeleton (D:4)
  A mummy (Ossuary)
  8 adders
  An adder skeleton (D:4)
  An ooze (D:4)
  2 worms (D:2)
  3 giant geckos
  17 orcs
  7 bats
  7 giant cockroaches
  9 hobgoblins
  8 jackals
  6 kobolds
  A quokka (D:2)
  A giant gecko zombie (D:5)
  4 giant newts
  15 goblins
  A goblin zombie (D:6)
  A quokka zombie (D:6)
  4 rats
  2 fungi (D:3)
116 creatures vanquished.

Notes
Turn   | Place    | Note
--------------------------------------------------------------
     0 | D:1      | Leibowitz the Kobold Gladiator began the quest for the Orb.
     0 | D:1      | Reached XP level 1. HP: 12/12 MP: 1/1
   323 | D:1      | Reached XP level 2. HP: 17/17 MP: 2/2
   870 | D:1      | Reached XP level 3. HP: 16/21 MP: 3/3
   925 | D:1      | Reached skill level 1 in Stealth
  1369 | D:2      | Found a white marble altar of Elyvilon.
  1542 | D:2      | Reached XP level 4. HP: 25/27 MP: 4/4
  1578 | D:2      | Reached skill level 5 in Short Blades
  1965 | D:2      | Reached XP level 5. HP: 31/31 MP: 5/5
  2213 | D:3      | Found a glowing silver altar of Zin.
  2436 | D:3      | Found a bloodstained altar of Trog.
  2441 | D:3      | Became a worshipper of Trog the Wrathful
  2694 | D:3      | Found Gozag's Platinum Reserve.
  2703 | D:3      | Reached skill level 5 in Dodging
  2731 | D:3      | Found an opulent altar of Gozag.
  3234 | D:4      | Reached skill level 1 in Armour
  3234 | D:4      | Reached XP level 6. HP: 33/36 MP: 6/6
  3514 | D:4      | Acquired Trog's first power
  3515 | D:4      | Noticed an ogre
  3596 | D:4      | Killed an ogre
  3596 | D:4      | Reached skill level 6 in Dodging
  3994 | D:4      | Reached XP level 7. HP: 29/41 MP: 7/7
  4548 | D:5      | Entered Level 5 of the Dungeon
  4558 | D:5      | Got a smoking leather armour
  4569 | D:5      | Identified the +3 leather armour "Xaewam" {rN+} (You found it on level 5 of the Dungeon)
  4953 | D:5      | Found a glowing golden altar of the Shining One.
  5017 | D:5      | Identified Lehudib's Guide on Attacks
  5603 | D:6      | Found a sand-covered staircase.
  5636 | Ossuary  | Entered an ossuary
  5652 | Ossuary  | Noticed Thronen's ghost (average OgGl)
  5692 | Ossuary  | Killed Thronen's ghost
  5692 | Ossuary  | Reached skill level 7 in Short Blades
  5692 | Ossuary  | Reached XP level 8. HP: 37/48 MP: 8/8
  5711 | Ossuary  | HP: 2/48 [human zombie (4)]
  5739 | Ossuary  | Reached skill level 5 in Stealth
  5752 | Ossuary  | Slain by an elf zombie

Vault maps used:
D:1:      wheals_arrival_linesprint, minmay_crystal_water, grunt_decor_clamped,
          roderic_aztec_sauvastika
D:2:      elyvilon_altar_1
D:3:      nicolae_overflow_crystal_walls, lightli_temple_of_fire,
          nicolae_gozag_zags_fifth_avenue, minmay_gold_behind_fungi,
          grunt_decor_cap
D:4:      first_bread
D:5:      old_standard_altar, minmay_stone_trees_medium
D:6:      nicolae_overflow_hidden_temple, minmay_temple_entry_butterflies,
          enter_ossuary_4, uniq_pikel
Ossuary:  ossuary_minmay_four_chambers

Action                   |  1- 3 |  4- 6 |  7- 9 || total
-------------------------+-------+-------+-------++-------
Melee: Rapier            |   137 |   268 |   210 ||   615
Throw: Throwing net      |     1 |       |       ||     1
  Use: Scroll            |     6 |     3 |     2 ||    11
       Potion            |     4 |     2 |     5 ||    11
 Stab: Sleeping          |     4 |     8 |     4 ||    16
  Eat: Chunk             |    10 |     9 |     4 ||    23
